Map: Heavy Artillery LE

Players

Massa - Winner!

  • Race: Terran Terran
  • League: Gold
  • Spawn Location: 3:00

qqq - Winner!

  • Race: Zerg Zerg
  • Spawn Location: 1:00

Limej

  • Race: Protoss Protoss
  • Spawn Location: 7:00

JusTice

  • Race: Protoss Protoss
  • League: Platinum
  • Spawn Location: 7:00

VOD

Have the link to the VOD?

Description

Time

  • Played on: June 30, 2020, 2:42 p.m.
  • Length: 6:28
Show
View Real Time Build Order
Export as new Build Order

Massa Terran - Winner!

Build Orders:  

Get SALT Encoding   

  12  0:03  SCV  
  13  0:15  SCV  
  13  0:19  Supply Depot  
  14  0:27  SCV  
  15  0:40  Refinery, SCV  
  16  0:47  Barracks  
  16  0:53  SCV  
  17  1:06  SCV  
  18  1:26  Barracks  
  18  1:29  Supply Depot  
  18  1:33  SCV  
  18  1:37  Reaper  
  20  1:41  Supply Depot  
  20  1:47  SCV  
  21  2:00  Barracks  
  21  2:08  Marine  
  22  2:18  Barracks  
  22  2:27  Marine x2  
  24  2:34  Orbital Command  
  24  2:45  Marine x2  
  24  2:50  Marine  
  27  3:02  Marine  
  28  3:12  Marine x3  
  31  3:20  Marine  
  32  3:30  Marine x3  
  35  3:38  Marine  
  36  3:47  Marine  
  36  3:48  Marine x2  
  39  4:04  Supply Depot  
  39  4:09  Supply Depot  
  39  4:26  Marine x4  
  42  4:43  Marine x4  
  46  5:01  Marine x4  
  50  5:19  Marine x4  
  53  5:37  Marine x2  
  53  5:44  Marine  
  53  5:45  Marine  
  43  5:55  Marine x2  
  38  6:02  Marine  
  38  6:03  Marine  
  36  6:06  SCV  
  40  6:19  Command Center  
  42  6:27  Supply Depot  
Show
View Real Time Build Order
Export as new Build Order

qqq Zerg - Winner!

Build Orders: Hatch First 

Get SALT Encoding   

  12  0:07  Drone  
  13  0:34  Hatchery  
  12  0:41  Overlord  
  12  0:43  Drone  
  12  0:46  Drone  
  14  1:04  Spawning Pool  
  14  1:08  Drone  
  14  1:14  Extractor  
  14  1:15  Drone  
  14  1:19  Drone  
  15  1:30  Drone  
  16  1:41  Drone  
  17  1:52  Drone  
  17  1:53  Queen  
  20  1:55  Queen  
  20  1:58  Drone  
  23  2:01  Drone  
  23  2:05  Drone  
  25  2:09  Zergling x2  
  25  2:12  Drone  
  27  2:19  Drone  
  27  2:22  Overlord  
  28  2:29  Metabolic Boost  
  28  2:36  Overlord  
  28  2:41  Drone  
  28  2:42  Zergling x2  
  30  2:46  Drone  
  31  2:51  Zergling x2  
  31  2:53  Drone  
  33  3:01  Zergling x2  
  33  3:04  Drone  
  35  3:07  Overlord  
  35  3:08  Zergling x4  
  35  3:09  Zergling x2  
  35  3:10  Drone, Zergling x2  
  40  3:19  Zergling x2  
  41  3:20  Zergling x2  
  42  3:34  Zergling x2  
  43  3:36  Zergling x2  
  43  3:37  Zergling x6  
  47  3:41  Hatchery  
  47  3:45  Zergling x4  
  47  3:46  Zergling x2  
  49  3:48  Overlord  
  49  3:57  Zergling x2  
  49  4:00  Zergling x2  
  51  4:06  Zergling x2  
  51  4:08  Zergling x2  
  53  4:14  Zergling x4  
  53  4:15  Drone, Zergling x4  
  53  4:16  Zergling x4  
  57  4:46  Hatchery  
  53  5:01  Zergling x8  
  53  5:02  Zergling x4  
  58  5:10  Zergling x12  
  58  5:11  Drone x2  
  62  5:34  Zergling x4  
  62  5:35  Zergling x10  
  64  5:42  Zergling x6  
  61  5:43  Zergling x8  
  65  5:55  Drone  
  66  5:57  Overlord x2  
Show
View Real Time Build Order
Export as new Build Order

Limej Protoss 

Build Orders: 1 Gate Expand 

Get SALT Encoding   

  12  0:01  Probe  
  13  0:13  Probe  
  14  0:25  Probe, Pylon  
  15  0:41  Probe  
  15  0:46  Gateway  
  15  0:49  Probe  
  16  0:50  Assimilator  
  17  0:58  Probe  
  18  1:09  Probe  
  19  1:21  Probe  
  20  1:28  Nexus  
  20  1:39  Assimilator  
  20  1:47  Pylon  
  20  1:50  Probe  
  21  1:58  Cybernetics Core  
  21  2:02  Probe  
  22  2:15  Pylon  
  22  2:18  Probe  
  23  2:30  Probe  
  23  2:35  Warp Gate  
  24  2:38  Adept  
  24  2:42  Probe  
  27  2:47  Robotics Facility  
  27  2:48  Probe  
  28  2:53  Twilight Council  
  28  2:55  Probe  
  29  3:00  Probe  
  29  3:34  Probe x2  
  29  3:41  Adept  
  33  3:46  Probe x2  
  34  3:58  Probe, Gateway  
  34  3:59  Probe  
  36  4:03  Pylon  
  36  4:04  Gateway x2  
  36  4:05  Observer  
  36  4:09  Resonating Glaives  
  37  4:21  Probe  
  37  4:22  Probe  
  39  4:33  Probe  
  39  4:34  Probe  
  39  4:37  Adept  
  28  4:58  Pylon, Immortal  
  27  5:01  Adept x2  
  27  5:02  Adept  
  20  5:09  Pylon  
  10  5:26  Adept x2  
  12  5:38  Probe  
  9  5:52  Probe  
Show
View Real Time Build Order
Export as new Build Order

JusTice Protoss 

Build Orders: 1 Gate Expand 

Get SALT Encoding   

  12  0:00  Probe  
  13  0:13  Probe  
  14  0:20  Pylon  
  14  0:25  Probe  
  15  0:35  Probe  
  15  0:41  Gateway  
  16  0:44  Probe  
  16  0:46  Assimilator  
  17  0:56  Probe  
  18  1:08  Probe  
  19  1:16  Probe  
  19  1:24  Probe  
  20  1:26  Nexus  
  21  1:41  Cybernetics Core  
  21  1:42  Probe  
  22  1:49  Assimilator  
  22  1:54  Probe  
  22  1:56  Pylon  
  23  2:10  Gateway  
  23  2:14  Probe  
  24  2:22  Robotics Facility  
  24  2:27  Probe  
  25  2:32  Warp Gate  
  25  2:38  Probe  
  25  2:39  Probe  
  27  2:46  Twilight Council  
  27  2:48  Adept  
  27  2:50  Probe  
  27  2:51  Probe  
  31  3:03  Probe x2  
  33  3:07  Pylon  
  33  3:17  Probe  
  34  3:25  Immortal  
  38  3:27  Charge  
  38  3:45  Pylon  
  38  3:51  Probe x2  
  40  4:03  Probe  
  40  4:04  Probe  
  40  4:08  Pylon, Immortal  
  46  4:10  Shield Battery  
  46  4:26  Gateway  
  46  4:27  Gateway  
  46  4:28  Gateway  
  46  4:29  Gateway  
  46  4:34  Gateway x2  
  44  4:48  Pylon  
  44  4:51  Pylon  
  44  4:53  Gateway  
  44  4:56  Immortal  
  45  5:23  Zealot  
  45  5:24  Zealot x2  
  45  5:26  Zealot  
  53  5:35  Zealot x2  
  32  5:44  Zealot  
  32  5:48  Probe  
  13  6:15  Zealot  
Tags
 
Add a new tag
Caveats
  • Supply blocks, unpowered buildings, or Contaminate may cause inaccurate times.
  • Supply counts are checked every 10 seconds.